 Dungeon Crawl Stone Soup version 0.28-a0-691-gad6df49e81 (webtiles) character file.

Game seed: 461475021601940501

119 ytrimaz the Covered (level 5, -1/42 HPs)
             Began as a Formicid Fighter on Oct 22, 2021.
             Slain by a scorpion (5 damage)
             ... on level 2 of the Dungeon.
             The game lasted 00:01:50 (1853 turns).

ytrimaz the Covered (Formicid Fighter)              Turns: 1853, Time: 00:01:50

Health: -1/42      AC:  8    Str: 22    XL:     5   Next: 23%
Magic:  5/5        EV:  9    Int:  7    God:
Gold:   64         SH:  4    Dex: 10    Spells: 4/4 levels left

rFire   . . .      SeeInvis +   a - +0 war axe
rCold   . . .      Faith    .   c - +0 buckler
rNeg    . . .      Spirit   .   b - +0 scale mail
rPois   .          Reflect  .   (helmet unavailable)
rElec   .          Harm     .   e - +0 cloak
rCorr   .          Rampage  .   (no gloves)
Will    .....                   (no boots)
Stlth   ..........              (no amulet)
HPRegen 0.14/turn               (no ring)
MPRegen 0.09/turn               (no ring)

@: lethally poisoned (-1 -> -18)
A: permanent stasis, dig shafts and tunnels, antennae 3, four strong arms
a: Dig, Shaft Self


You were on level 2 of the Dungeon.
You visited 1 branch of the dungeon, and saw 2 of its levels.

You collected 64 gold pieces.

Inventory:

Hand Weapons
 a - a +0 war axe (weapon)
Armour
 b - a +0 scale mail (worn)
 c - a +0 buckler (worn)
 e - a +0 cloak (worn)
 g - a +0 kite shield
Scrolls
 h - a scroll of fog {unknown}
 j - a scroll of acquirement {unknown}
 k - a scroll of teleportation {unknown}
Potions
 d - a potion of might
 i - a potion of cancellation {unknown}


   Skills:
 * Level 4.1 Fighting
 * Level 3.7 Axes
 * Level 4.2 Armour
 - Level 3.6 Shields


You had 4 spell levels left.
You didn't know any spells.
Your spell library contained the following spells:

 Spells                   Type           Power      Damage    Failure   Level
 Ensorcelled Hibernation  Hex/Ice        0%         N/A       87%         2
 Spider Form              Tmut/Pois      0%         N/A       98%         3
 Animate Dead             Necr           0%         N/A       100%        4
 Borgnjor's Vile Clutch   Necr/Erth      0%         N/A       100%        5
 Death Channel            Necr           0%         N/A       100%        6


Dungeon Overview and Level Annotations

Branches:
Dungeon (2/15)

Altars:


Innate Abilities, Weirdness & Mutations

You cannot be hasted, slowed, berserked, paralysed or teleported.
You can dig through walls and to a lower floor.
You have a pair of large antennae on your head. (SInv)
Your four strong arms can wield two-handed weapons with a shield.


Message History

You are too injured to fight recklessly!
You are too injured to fight recklessly!
You are too injured to fight recklessly!
You are too injured to fight recklessly!
You are too injured to fight recklessly!
You are too injured to fight recklessly!
You are too injured to fight recklessly!
You are too injured to fight recklessly!
You are too injured to fight recklessly!
You are too injured to fight recklessly!
Okay, then.
The adder bites you but does no damage. You block the adder's attack.
You see here a +0 club.
You hit the scorpion.
The scorpion is almost dead.
You hit the adder. You block the scorpion's attack.
The adder completely misses you.
Unknown command.
You closely miss the scorpion.
The scorpion is almost dead.
You slash the adder!
You kill the adder!
The scorpion closely misses you. The scorpion stings you.
You are poisoned.
The scorpion poisons you!
You barely miss the scorpion.
The scorpion is almost dead.
You feel very sick. The scorpion stings you.
* * * LOW HITPOINT WARNING * * *
The scorpion stings you.
* * * LOW HITPOINT WARNING * * *
You are lethally poisoned!
The scorpion poisons you!
It was a potion of haste.
Your stasis prevents you from being hasted.
* * * LOW HITPOINT WARNING * * *
You feel very sick. The scorpion stings you.
You die...

#.# ####### #.##.....
. ....... #........ .#
######. ##.......# #.
#. $........##. #.
#.......?. #†
#.......# #. #.......#
####. #.....@.# #....
#....s..# #.##.
#.......# #.##.
#.......## # #.##.
#.##.....#.# #.##.
#.##.#.#.#.# #.##.
..........# ##.##.
###.#.#.#########...#.
#.#..........†..#...


You could see a scorpion.

Vanquished Creatures
  A hound (D:2)
  Terence (D:2)
  An adder (D:2)
  4 dart slugs
  2 ball pythons
  7 endoplasms
  5 goblins
  8 hobgoblins
  7 jackals
  A bat (D:2)
  2 frilled lizards
  A kobold (D:1)
  2 rats
42 creatures vanquished.

Notes
Turn   | Place    | Note
-------+----------+-------------------------------------------
     0 | D:1      | ytrimaz the Formicid Fighter began the quest for the Orb.
     0 | D:1      | Reached XP level 1. HP: 18/18 MP: 1/1
   196 | D:1      | Reached XP level 2. HP: 20/24 MP: 2/2
   548 | D:1      | Reached XP level 3. HP: 26/30 MP: 3/3
   592 | D:1      | Found a faded altar of an unknown god.
  1548 | D:2      | Noticed Terence
  1568 | D:2      | Killed Terence
  1569 | D:2      | Reached XP level 4. HP: 32/37 MP: 4/4
  1736 | D:2      | Reached XP level 5. HP: 29/42 MP: 5/5
  1853 | D:2      | Slain by a scorpion

Illustrated notes

Levels and vault maps discovered:
D:1:      lightli_arrival_isolated_outpost, layout_basic,
          shapermc_ecumenical_altar_starsandcircs
D:2:      layout_loops_ring, minmay_tall_x, uniq_terence

Skill      XL: |  1  2  3 |
---------------+----------+-----
Armour         | 4 |  4.2
Fighting       | 4 |  4.1
Axes           | 3 |  3.7
Shields        | |  3.6

Action                   |  1- 3 |  4- 6 || total
-------------------------+-------+-------++-------
Melee: War axe           |    85 |    31 ||   116
  Use: Scroll            |     1 |       ||     1
       Potion            |       |     1 ||     1
Armor: Scale mail        |    44 |    19 ||    63
Dodge: Dodged            |    52 |    21 ||    73
Block: Buckler           |    22 |     8 ||    30

Table legend: (Time is in decaauts)
 A = Elapsed time spent in this place.
 B = Non-inter-level travel time spent in this place.
 C = Inter-level travel time spent in this place.
 D = Time resting spent in this place.
 E = Time spent auto-exploring this place.
 F = Levels seen in this place.
 G = Mean time per level.
                   A        B        C        D        E       F      G
               +--------+--------+--------+--------+--------+-----+--------+
         Total |   1905 |   1868 |     37 |    497 |   1034 |   2 |  952.5 |
       Dungeon |   1905 |   1868 |     37 |    497 |   1034 |   2 |  952.5 |
               +--------+--------+--------+--------+--------+-----+--------+

Top non-repeatable levels by time:
     D:1: 1362 daAuts
     D:2: 543 daAuts
